 Dungeon Crawl Stone Soup version 0.29.1-12-g30fa7ad0bf (webtiles) character file.

Game seed: 9049186278482296631

14003 booth the Cleaver (level 11, 0/83 HPs)
             Began as a Demonspawn Gladiator on Dec 21, 2022.
             Was the Champion of Cheibriados.
             Slain by an eight-headed hydra (2 damage)
             ... on level 2 of the Lair of Beasts.
             The game lasted 01:26:25 (7935 turns).

booth the Cleaver (Demonspawn Gladiator)            Turns: 7935, Time: 01:26:26

Health: 0/83       AC: 19    Str: 34    XL:     11   Next: 83%
Magic:  16/16      EV: 17    Int: 25    God:    Cheibriados [******]
Gold:   198        SH:  0    Dex: 31    Spells: 10/10 levels left

rFire   . . .      SeeInvis +   r - +0 mace (vorpal)
rCold   . . .      Faith    .   (no shield)
rNeg    . . .      Spirit   .   H - +2 ring mail {rPois}
rPois   +          Reflect  .   (helmet restricted)
rElec   .          Harm     .   k - +1 cloak
rCorr   .          Rampage  .   l - +2 pair of gloves
Will    .....                   g - +1 pair of boots
Stlth   ++++......              s - amulet of regeneration
HPRegen 1.03/turn               (no ring)
MPRegen 0.15/turn               (no ring)

@: very slow
A: yellow scales 2, foul stench 2, powered by death 1, corrupting presence 1,
demonic touch 2, horns 1, thin skeletal structure 1, see invisible, poison
resistance
a: Renounce Religion, Bend Time, Temporal Distortion, Slouch, Step From Time


You were on level 2 of the Lair of Beasts.
You worshipped Cheibriados.
Cheibriados was exalted by your worship.
You visited 2 branches of the dungeon, and saw 10 of its levels.
You also visited: Ossuary.

You collected 588 gold pieces.
You spent 390 gold pieces at shops.

Inventory:

Hand Weapons
 a - a +1 war axe of electrocution
 r - a +0 vorpal mace (weapon)
 G - a +2 spectral quarterstaff
 J - a +0 flail of protection
Missiles
 d - 3 throwing nets (quivered)
 e - a javelin
 i - 5 silver boomerangs
 t - 6 poisoned darts
 u - 12 boomerangs
Armour
 b - a +0 leather armour
 c - a +1 helmet
 g - a +1 pair of boots (worn)
 k - a +1 cloak (worn)
 l - a +2 pair of gloves (worn)
 H - a +2 ring mail of poison resistance (worn)
Jewellery
 s - an amulet of regeneration (around neck)
Wands
 j - a wand of quicksilver (10)
 o - a wand of flame (34)
 w - a wand of paralysis (8)
 y - a wand of roots (14)
 I - a wand of mindburst (6)
Scrolls
 f - 5 scrolls of identify
 h - 4 scrolls of fear
 m - 5 scrolls of vulnerability
 p - 3 scrolls of teleportation
 x - 2 scrolls of magic mapping
 B - a scroll of butterflies
 D - 2 scrolls of blinking
 E - a scroll of summoning
 F - a scroll of poison
Potions
 n - a potion of attraction
 q - 3 potions of lignification
 v - 3 potions of brilliance
 z - 3 potions of heal wounds
 A - 4 potions of might
 C - 2 potions of curing
 K - a potion of ambrosia {unknown}


   Skills:
 + Level 6.9 Fighting
 + Level 11.1(11.2) Axes
 + Level 2.0(7.3) Maces & Flails
 + Level 2.5 Throwing
 * Level 7.1 Armour
 + Level 6.0 Dodging
 + Level 3.1 Stealth
 * Level 7.4 Invocations
 * Level 6.3 Evocations


You had 10 spell levels left.
You didn't know any spells.
Your spell library contained the following spells:

 Spells                   Type           Power      Damage    Failure   Level
 Apportation              Tloc           0%         N/A       19%         1
 Magic Dart               Conj           0%         1d3       19%         1
 Necrotise                Necr           0%         1d4       19%         1
 Shock                    Conj/Air       0%         1d3       19%         1
 Sting                    Tmut/Pois      0%         1d3       19%         1
 Summon Small Mammal      Summ           0%         N/A       19%         1
 Animate Armour           Summ/Erth      0%         N/A       87%         4
 Blade Hands              Tmut           0%         N/A       99%         5
 Fireball                 Conj/Fire      0%         3d3       99%         5
 Iron Shot                Conj/Erth      0%         9d1       100%        6
 Starburst                Conj/Fire      0%         6d3       100%        6
 Ignition                 Fire           0%         3d3       100%        8


Dungeon Overview and Level Annotations

Branches:
Dungeon (8/15)             Temple (0/1) D:6            Lair (2/5) D:8
  Snake (0/4) Lair:2      Ossuary (visited)
  Swamp: Lair:2-3    Shoals: Lair:2-3

Altars:
Cheibriados
Dithmenos
Fedhas
Qazlal
Sif Muna
Vehumet
Xom
Yredelemnul

Shops:
D:5 :   D:7 ==!=

Annotations:
D:6 3 runed translucent doors, ZoeForever1's ghost, novice HuGl
Lair:2 exclusion: oklob plant


Innate Abilities, Weirdness & Mutations

You are mostly covered in yellow scales. (AC +3)
You sometimes emit foul miasma when damaged in melee.
You regenerate a little health from kills.
Your presence sometimes corrodes those you injure.
Your touch may inflict irresistible damage on your foes.
You have a pair of small horns on your head.
You have a somewhat thin skeletal structure. (Dex +2, Stealth+)
You have supernaturally acute eyesight. (SInv)
Your system is resistant to poisons. (rPois)


Message History

The eight-headed hydra barely misses you.
The eight-headed hydra completely misses you. x2
The eight-headed hydra closely misses you.
The eight-headed hydra barely misses you. x4
You hit the eight-headed hydra. You headbutt the eight-headed hydra.
The eight-headed hydra is lightly wounded.
Your corrupting presence corrodes the eight-headed hydra!
A wyvern comes into view.
The eight-headed hydra is engulfed in dark miasma.
The eight-headed hydra closely misses you.
The eight-headed hydra bites you but does no damage.
The eight-headed hydra bites you.
* * * LOW HITPOINT WARNING * * *
The eight-headed hydra barely misses you.
The eight-headed hydra bites you.
* * * LOW HITPOINT WARNING * * *
The eight-headed hydra bites you but does no damage.
The eight-headed hydra misses you.
The eight-headed hydra bites you but does no damage.
The wyvern hisses angrily.
You sock the eight-headed hydra!
You touch the eight-headed hydra!
The eight-headed hydra is severely wounded.
The eight-headed hydra is engulfed in dark miasma.
The eight-headed hydra bites you but does no damage.
The eight-headed hydra bites you!
* * * LOW HITPOINT WARNING * * *
The eight-headed hydra misses you. The eight-headed hydra bites you.
* * * LOW HITPOINT WARNING * * *
The eight-headed hydra bites you but does no damage. x2
The eight-headed hydra bites you.
* * * LOW HITPOINT WARNING * * *
The eight-headed hydra barely misses you.
You fail to use your ability.
The wyvern misses you. The wyvern bites you.
* * * LOW HITPOINT WARNING * * *
The eight-headed hydra is engulfed in dark miasma.
The eight-headed hydra bites you.
* * * LOW HITPOINT WARNING * * *
The eight-headed hydra closely misses you.
The eight-headed hydra bites you.
You die...

...>.....# #♣♣.♣♣
.........#♣♣♣♣♣...♣♣♣
.........#♣.♣♣.♣♣♣♣.♣♣ ♣♣#
.......††#.♣..♣♣⌠..♣.♣♣♣.#
.......†.#♣♣♣.♣♣..♣♣♣.♣.♣#
.........# ♣♣....♣ ♣♣.♣♣
.........# ######.# ###
.........# ♣..FD♣l♣
.........#♣....♣@♣.♣
.........#.....♣♣♣♣♣
.........#♣.... .........#♣♣...
.........########################
.................................
.................................
.................................
.................................


You could see an eight-headed hydra (poisoned, corroded), a cane toad and a
wyvern.

Vanquished Creatures
  2 hydras (Lair:1)
  A two-headed ogre (D:7)
  Erica (Lair:2)
  Nergalle (Lair:2)
  Maurice (D:8)
  Joseph (D:7)
  A black mamba (Lair:1)
  5 cane toads
  A rime drake (Lair:2)
  5 komodo dragons
  A polar bear (Lair:2)
  4 blink frogs (Lair:2)
  A spriggan (Lair:1)
  Sigmund (D:3)
  A yak (Lair:2)
  2 basilisks
  2 nagas (Lair:2)
  Duvessa (D:7)
  6 water moccasins
  4 black bears
  2 ice beasts (D:6)
  2 sky beasts
  An ogre (D:5)
  12 wolves
  A centaur (D:7)
  A kobold brigand (D:7)
  9 bullfrogs
  A wyvern zombie (D:5)
  2 necrophages
  5 scorpions
  8 wights (D:8)
  Dowan (D:7)
  4 howler monkeys
  2 bullfrog zombies (D:5)
  A human zombie (Ossuary)
  5 hounds
  4 orc priests
  A gnoll bouda (D:8)
  Crazy Yiuf (D:4)
  Ijyb (D:3)
  2 iguanas (D:6)
  Natasha (thrice) (D:3)
  8 orc wizards
  A hound zombie (D:5)
  3 mummies (Ossuary)
  A howler monkey zombie (D:5)
  3 gnolls (D:8)
  6 adders
  2 shadow imps (D:5)
  2 white imps
  2 ufetubi
  2 adder zombies
  3 worms
  4 dart slugs
  29 orcs
  4 endoplasms
  3 giant cockroaches
  8 goblins
  8 hobgoblins
  6 jackals
  13 kobolds
  A quokka (D:2)
  6 ball pythons
  6 bats
  4 frilled lizards
  2 hobgoblin zombies (Ossuary)
  3 kobold zombies (Ossuary)
  8 quokka zombies (Ossuary)
  6 rats
  3 rat zombies (Ossuary)
258 creatures vanquished.

Vanquished Creatures (others)
  11 plants
11 creatures vanquished.

Grand Total: 269 creatures vanquished

Notes
Turn   | Place    | Note
-------+----------+-------------------------------------------
     0 | D:1      | booth the Demonspawn Gladiator began the quest for the Orb.
     0 | D:1      | Reached XP level 1. HP: 16/16 MP: 1/1
    55 | D:1      | Gained mutation: You may rarely emit foul miasma when
                  | damaged in melee. [demonic ancestry]
    55 | D:1      | Reached XP level 2. HP: 22/22 MP: 2/2
   198 | D:1      | Reached skill level 3 in Axes
   787 | D:2      | Gained mutation: Your touch may inflict minor irresistible
                  | damage on your foes. [demonic ancestry]
   787 | D:2      | Reached XP level 3. HP: 22/27 MP: 3/3
   915 | D:2      | Found a faded altar of an unknown god.
   946 | D:2      | Got Plato's Tome of Attacks
   947 | D:2      | Prayed at the altar of an unknown god.
   947 | D:2      | Became a worshipper of Cheibriados the Contemplative
   947 | D:2      | Reached * piety under Cheibriados
  1112 | D:2      | Got A Tutorial on Casting
  1467 | D:3      | Noticed Sigmund
  1493 | D:3      | Killed Sigmund
  1494 | D:3      | Reached skill level 4 in Axes
  1494 | D:3      | Reached skill level 1 in Armour
  1494 | D:3      | Gained mutation: You are partially covered in yellow
                  | scales. (AC +2) [demonic ancestry]
  1494 | D:3      | Reached XP level 4. HP: 5/34 MP: 0/4
  1494 | D:3      | Gained mutation: You regenerate a little health from kills.
                  | [demonic ancestry]
  1494 | D:3      | Reached XP level 5. HP: 5/39 MP: 0/5
  1854 | D:3      | Noticed Natasha
  1866 | D:3      | Killed Natasha
  1869 | D:3      | Noticed Natasha
  1878 | D:3      | Killed Natasha
  1878 | D:3      | Noticed Natasha
  1879 | D:3      | Reached XP level 6. HP: 46/46 MP: 6/6
  1884 | D:3      | Killed Natasha
  1901 | D:3      | Reached skill level 5 in Axes
  1955 | D:3      | Reached ** piety under Cheibriados
  1959 | D:3      | Found a radiant altar of Vehumet.
  2058 | D:3      | Noticed Ijyb
  2228 | D:3      | Killed Ijyb
  2229 | D:3      | Reached skill level 1 in Stealth
  2359 | D:4      | Found a runed translucent door.
  2360 | D:4      | Noticed Crazy Yiuf
  2484 | D:4      | Found a stormy altar of Qazlal.
  2665 | D:4      | Reached *** piety under Cheibriados
  2679 | D:4      | Found a shimmering altar of Xom.
  3023 | D:4      | Killed Crazy Yiuf
  3076 | D:5      | Entered Level 5 of the Dungeon
  3115 | D:5      | Gained mutation: Your touch may inflict irresistible damage
                  | on your foes. [demonic ancestry]
  3115 | D:5      | Reached XP level 7. HP: 51/51 MP: 7/7
  3337 | D:5      | Reached skill level 6 in Axes
  3545 | D:5      | Gained mutation: You are mostly covered in yellow scales.
                  | (AC +3) [demonic ancestry]
  3545 | D:5      | Reached XP level 8. HP: 50/60 MP: 8/8
  3618 | D:5      | Found Bedat's Book Boutique.
  3651 | D:5      | Found a shimmering blue altar of Sif Muna.
  3661 | D:5      | Reached skill level 7 in Axes
  3782 | D:5      | Found a basalt altar of Yredelemnul.
  3807 | D:5      | Reached **** piety under Cheibriados
  3997 | D:6      | Reached skill level 1 in Invocations
  3998 | D:6      | Reached skill level 1 in Evocations
  4018 | D:6      | Found a staircase to the Ecumenical Temple.
  4023 | D:6      | Found a runed translucent gate.
  4023 | D:6      | Found a runed translucent gate.
  4023 | D:6      | Found a runed translucent gate.
  4027 | D:6      | Noticed ZoeForever1's ghost (novice HuGl)
  4153 | D:6      | Found a sand-covered staircase.
  4158 | Ossuary  | Entered an ossuary
  4456 | D:6      | Reached ***** piety under Cheibriados
  4473 | D:6      | Reached skill level 8 in Axes
  4473 | D:6      | Gained mutation: You sometimes emit foul miasma when
                  | damaged in melee. [demonic ancestry]
  4473 | D:6      | Reached XP level 9. HP: 65/66 MP: 10/10
  5040 | D:7      | Noticed Dowan
  5042 | D:7      | Noticed Duvessa
  5042 | D:7      | Noticed Joseph
  5047 | D:7      | Killed Duvessa
  5050 | D:7      | Killed Dowan
  5051 | D:7      | Reached skill level 5 in Dodging
  5060 | D:7      | Killed Joseph
  5235 | D:7      | Reached skill level 5 in Fighting
  5255 | D:7      | Reached skill level 9 in Axes
  5278 | D:7      | Found Quih's Jewellery Boutique.
  5283 | D:7      | Found Gahoemma's Jewellery Boutique.
  5283 | D:7      | Found Talu's Distillery.
  5284 | D:7      | Found Tuzuor's Jewellery Boutique.
  5309 | D:7      | Bought an amulet of regeneration for 390 gold pieces
  5417 | D:7      | Noticed a two-headed ogre
  5425 | D:7      | Killed a two-headed ogre
  5426 | D:7      | Gained mutation: Your presence sometimes corrodes those you
                  | injure. [demonic ancestry]
  5426 | D:7      | Reached XP level 10. HP: 64/74 MP: 13/13
  5482 | D:7      | Found a shadowy altar of Dithmenos.
  5662 | D:8      | Noticed Maurice
  5695 | D:8      | Killed Maurice
  5783 | D:8      | Identified the +2 spear of Per Fuown {vorpal, rPois rCorr}
  5895 | D:8      | Reached skill level 5 in Invocations
  5933 | D:8      | Found a staircase to the Lair.
  6037 | D:8      | Gained mutation: Your flesh is heat resistant. (rF+)
                  | [potion of mutation]
  6037 | D:8      | Gained mutation: Potions are less effective at restoring
                  | your health. [potion of mutation]
  6038 | D:8      | Lost mutation: Your flesh is heat resistant. (rF+) [potion
                  | of mutation]
  6038 | D:8      | Lost mutation: Potions are less effective at restoring your
                  | health. [potion of mutation]
  6038 | D:8      | Gained mutation: You have a pair of small horns on your
                  | head. [potion of mutation]
  6038 | D:8      | Gained mutation: You have a somewhat thin skeletal
                  | structure. (Dex +2, Stealth+) [potion of mutation]
  6038 | D:8      | Gained mutation: Your system is resistant to poisons.
                  | (rPois) [potion of mutation]
  6038 | D:8      | Gained mutation: You have supernaturally acute eyesight.
                  | (SInv) [potion of mutation]
  6407 | Lair:1   | Entered Level 1 of the Lair of Beasts
  6562 | Lair:1   | Reached skill level 5 in Armour
  6624 | Lair:1   | Noticed a black mamba
  6624 | Lair:1   | Noticed a cane toad
  6626 | Lair:1   | Killed a black mamba
  6629 | Lair:1   | Killed a cane toad
  6630 | Lair:1   | Reached skill level 10 in Axes
  6682 | Lair:1   | Noticed a four-headed hydra
  6695 | Lair:1   | Killed a four-headed hydra
  6696 | Lair:1   | Reached skill level 5 in Evocations
  6816 | Lair:1   | Noticed a five-headed hydra
  6827 | Lair:1   | Killed a five-headed hydra
  6828 | Lair:1   | Reached XP level 11. HP: 73/81 MP: 15/15
  7003 | Lair:2   | Reached skill level 1 in Maces & Flails
  7079 | Lair:2   | Noticed an oklob plant
  7187 | Lair:2   | Noticed Erica
  7193 | Lair:2   | Killed Erica
  7381 | Lair:2   | Noticed Nergalle
  7394 | Lair:2   | Killed Nergalle
  7394 | Lair:2   | Reached ****** piety under Cheibriados
  7447 | Lair:2   | Reached skill level 11 in Axes
  7472 | Lair:2   | Found a staircase to the Snake Pit.
  7514 | Lair:2   | Found a blossoming altar of Fedhas.
  7929 | Lair:2   | Noticed an eight-headed hydra
  7935 | Lair:2   | HP: 2/83 [eight-headed hydra (3)]
  7935 | Lair:2   | Slain by an eight-headed hydra

Illustrated notes

Levels and vault maps discovered:
D:1:      scummos_arrival_star, layout_basic, minmay_pentomino_w2
D:2:      layout_basic, shapermc_ecumenical_altar_rom_forum
D:3:      layout_rooms, fiery_altar_vehumet, elyvilon_altar_5, uniq_sigmund,
          uniq_ijyb, uniq_natasha
D:4:      layout_loops_ring, tgw_xom, general_overflow_altar,
          uniq_crazy_yiuf_cottage
D:5:      layout_loops_ring, nicolae_yredelemnul_corpse_copse,
          kennysheep_orc_sif_temple, serial_shops, shop
D:6:      layout_cave_pools, temple_statues, gammafunk_ghost_split,
          enter_ossuary_2, hangedman_minor_gate_pass
D:7:      layout_rooms, zin_academy, lemuel_doored_altar, minivault_25,
          minmay_shop_grid_forest, minivault_22, uniq_joseph, uniq_duvessa
D:8:      layout_loops_ring, dpeg_oklobed_lair, uniq_maurice
Lair:1:   layout_misc_corridors, grunt_forest_large_clearing_hut,
          infiniplex_staircase_pool_2
Lair:2:   nzn_winding_woodlands_huge [nzn_winding_woodlands_5x15_concentric,
          nzn_winding_woodlands_5x15_sidewinder,
          nzn_winding_woodlands_5x15_sawtooth,
          nzn_winding_woodlands_5x15_longhouse, nzn_winding_woodlands_5x15_pool,
          nzn_winding_woodlands_5x15_crooked, nzn_winding_woodlands_5x15_parted,
          nzn_winding_woodlands_5x15_twine,
          nzn_winding_woodlands_5x15_pathside_ponds,
          nzn_winding_woodlands_5x15_pockets,
          nzn_winding_woodlands_center_diamonds,
          nzn_winding_woodlands_center_garden,
          nzn_winding_woodlands_15x15_boxy_spiral], layout_regular_city,
          minmay_snake_entry_guardpost_small, basic_altar,
          grunt_forest_small_clearings, beast_lair_carwin_11,
          serial_bayou_shore_a, uniq_nergalle, uniq_erica

Skill      XL: |  1  2  3  4  5  6  7  8  9 10 11 |
---------------+----------------------------------+-----
Axes           | 3 4 5 6 8 9 10 11 | 11.1
Dodging        | 3 4 5 6 |  6.0
Armour         | 1 2 3 4 6 7 |  7.1
Throwing       | 2 |  2.5
Stealth        | 1 2 3 |  3.1
Fighting       | 3 4 5 6 |  6.9
Invocations    | 2 4 6 7 |  7.4
Evocations     | 2 3 5 6 |  6.3
Maces & Flails | 2 |  2.0

Action                   |  1- 3 |  4- 6 |  7- 9 | 10-12 || total
-------------------------+-------+-------+-------+-------++-------
Melee: War axe           |    94 |    98 |   194 |   168 ||   554
       Touch             |    10 |    16 |    42 |    28 ||    96
       Punch             |       |       |     2 |     4 ||     6
       Headbutt          |       |       |       |    43 ||    43
       Mace              |       |       |       |    22 ||    22
Throw: Boomerang         |       |     7 |     3 |     2 ||    12
       Javelin           |       |       |       |     1 ||     1
       Throwing net      |       |       |       |     1 ||     1
Invok: Bend Time         |     2 |       |       |     2 ||     4
       Temporal Distorti |       |       |     2 |       ||     2
       Slouch            |       |       |     1 |       ||     1
Evoke: Wand              |       |       |       |     5 ||     5
  Use: Scroll            |     4 |     6 |    10 |     2 ||    22
       Potion            |     4 |       |     3 |     2 ||     9
 Stab: Sleeping          |       |       |       |     4 ||     4
Armor: Leather armour    |    29 |    31 |    16 |       ||    76
       Ring mail         |       |       |    69 |   110 ||   179
Dodge: Dodged            |    69 |    72 |   149 |   207 ||   497
